 Dungeon Crawl Stone Soup version 0.20.1-1-g8b1a95d (webtiles) character file.

137 vishdafish the Skirmisher (level 5, -1/61 HPs)
             Began as a Demonspawn Fighter on July 3, 2017.
             Slain by Grinder (4 damage)
             ... on level 3 of the Dungeon.
             The game lasted 00:05:18 (2390 turns).

vishdafish the Skirmisher (Demonspawn Fighter)      Turns: 2390, Time: 00:05:19

Health: -1/61      AC: 22    Str: 22    XL:     5   Next: 0%
Magic:  5/5        EV:  2    Int:  9    God:
Gold:   124        SH:  9    Dex: 13    Spells: 4/4 levels left

rFire    . . .     SeeInvis .   a - +0 trident
rCold    . . .     Gourm    .   c - +0 shield
rNeg     + + +     Faith    .   (armour currently unavailable)
rPois    +         Spirit   .   (helmet currently unavailable)
rElec    .         Reflect  .   (cloak currently unavailable)
rCorr    .         Harm     .   (gloves currently unavailable)
MR       .....     NoTele   +   (boots currently unavailable)
Stlth    +.........             (no amulet)
Regen    0.2/turn               (no ring)
MPRegen  0.1/turn               (no ring)

@: mighty, tree-form, berserk cooldown, slowed, very slow
A: demonic guardian 1
a: no special abilities


You were on level 3 of the Dungeon.
You were not hungry.
You were a tree.
You visited 1 branch of the dungeon, and saw 3 of its levels.

You collected 124 gold pieces.

Inventory:

Hand Weapons
 a - a +0 trident (weapon)
Armour
 b - a +0 scale mail (melded)
 c - a +0 shield (worn)
 n - a +2 hat (melded)
Jewellery
 t - an uncursed amulet of the gourmand {unknown}
Scrolls
 e - 2 scrolls of teleportation {unknown}
 g - a scroll of fog {unknown}
 i - 9 scrolls of identify {unknown}
 l - 2 scrolls of remove curse {unknown}
 p - 4 scrolls of enchant armour {unknown}
 s - a scroll of immolation {unknown}
Potions
 h - a potion of invisibility {unknown}
 m - 2 potions of lignification
 o - a potion of berserk rage
 q - a potion of flight {unknown}
 r - a potion of brilliance {unknown}
 u - 2 potions of magic {unknown}
Comestibles
 f - 5 bread rations
 j - 2 meat rations
 k - 2 royal jellies


   Skills:
 + Level 3.5 Fighting
 * Level 3.1 Polearms
 + Level 3.3 Armour
 - Level 0.6 Dodging
 - Level 0.2 Stealth
 + Level 3.3 Shields


You had 4 spell levels left.
You didn't know any spells.

Dungeon Overview and Level Annotations

Branches:
Dungeon (3/15)

Altars:

Annotations:
D:3 Grinder


Innate Abilities, Weirdness & Mutations

A weak demonic guardian rushes to your aid.


Message History

It was a potion of berserk rage.
A red film seems to cover your vision as you go berserk!
You feel yourself moving faster!
You feel mighty!
Grinder blinks!
You are too berserk!
You are too berserk!
You are too berserk!
You feel a strong urge to attack something.
You feel your anger subside.
Grinder blinks!
You are too berserk!
You are too injured to fight recklessly!
You are too injured to fight recklessly!
You are too berserk!
You are no longer berserk.
You are exhausted.
You feel yourself slow down.
You puncture Grinder!
Grinder is heavily wounded.
Grinder hits you.
You die...

#..## #.# #.## #
.###...###.###.##
#...................
#...###.#####..####.
#.#####.....)..####)
#...................
....5###..####.#####.
#########5###..#
#.#####.
.........♣.....#
#.......
#########.###.##
#######. #.# #.#
########.. #§#
#.###.........
#########.#
#.....####.##.
#......<..# #######
##.## #.#########
##.# #.#############
##. #.............#
##


You could see Grinder and a friendly iron imp.

Vanquished Creatures
  Robin (D:2)
  2 adders
  7 worms
  6 dart slugs
  A leopard gecko (D:2)
  A bat (D:2)
  3 giant cockroaches
  11 hobgoblins
  2 jackals (D:1)
  8 kobolds
  A quokka (D:3)
  3 frilled lizards
  17 goblins
  6 rats
69 creatures vanquished.

Vanquished Creatures (collateral kills)
  A gnoll (D:1)
  A goblin (D:1)
  2 hobgoblins (D:1)
4 creatures vanquished.

Grand Total: 73 creatures vanquished

Notes
Turn   | Place    | Note
-------+----------+-------------------------------------------
     0 | D:1      | vishdafish the Demonspawn Fighter began the quest for the Orb.
     0 | D:1      | Reached XP level 1. HP: 18/18 MP: 1/1
   372 | D:1      | Gained mutation: A weak demonic guardian rushes to your aid. [demonic ancestry]
   372 | D:1      | Reached XP level 2. HP: 18/24 MP: 2/2
   639 | D:1      | Reached XP level 3. HP: 16/29 MP: 3/3
  1319 | D:2      | Reached XP level 4. HP: 35/35 MP: 4/4
  1343 | D:2      | Noticed Robin
  1370 | D:2      | Killed Robin
  2337 | D:3      | Reached XP level 5. HP: 37/41 MP: 5/5
  2370 | D:3      | Noticed Grinder
  2373 | D:3      | Paralysed by Grinder for 4 turns
  2383 | D:3      | HP: 1/41 [Grinder (6)]
  2390 | D:3      | Slain by Grinder

Skill      XL: |  1  2  3  4 |
---------------+-------------+-----
Polearms       | 2 3 |  3.1
Armour         | 3 |  3.3
Shields        | 3 |  3.3
Fighting       | |  3.5
Dodging        | |  0.6
Stealth        | |  0.2

Action                   |  1- 3 |  4- 6 || total
-------------------------+-------+-------++-------
Melee: Trident           |   176 |   118 ||   294
  Use: Potion            |       |     3 ||     3
 Stab: Distracted        |       |     1 ||     1
  Eat: Chunk             |     2 |     3 ||     5
Armor: Scale mail        |    70 |    52 ||   122
Dodge: Dodged            |    46 |    35 ||    81
Block: Shield            |    66 |    65 ||   131
